 Dungeon Crawl Stone Soup version 0.29-a0-1023-g6ae1a4a2c7 (webtiles) character file.

Game seed: 17837735702240691305

653 2tc the Digger (level 7, -6/41 HPs)
             Began as an Octopode Earth Elementalist on Aug 11, 2022.
             Was a Believer of Makhleb.
             Splashed by a jelly's acid (7 damage)
             ... on level 5 of the Dungeon.
             The game lasted 00:12:24 (4766 turns).

2tc the Digger (Octopode Earth Elementalist)        Turns: 4766, Time: 00:12:25

Health: -6/41      AC: -4    Str:  9    XL:     7   Next: 54%
Magic:  10/10      EV: 13    Int: 18    God:    Makhleb [**....]
Gold:   132        SH:  0    Dex: 12    Spells: 6/10 levels left

rFire   . . .      SeeInvis .   d - +0 dagger (protect)
rCold   . . .      Faith    .   (no shield)
rNeg    . . .      Spirit   .   (helmet restricted)
rPois   .          Reflect  .   (no amulet)
rElec   .          Harm     .   (no ring)
rCorr   .          Rampage  .   (no ring)
Will    .....                   (no ring)
Stlth   +++.......              (no ring)
HPRegen 0.13/turn               (no ring)
MPRegen 0.12/turn               (no ring)
                                (no ring)
                                (no ring)

@: corroded, under a protective aura
A: almost no armour, amphibious, 8 rings, camouflage 1, gelatinous body 1,
(nimble swimmer 1), tentacles
a: Renounce Religion, Minor Destruction


You were on level 5 of the Dungeon.
You worshipped Makhleb.
Makhleb was pleased with you.
You visited 1 branch of the dungeon, and saw 5 of its levels.
You also visited: Ossuary.

You collected 132 gold pieces.

Inventory:

Hand Weapons
 d - a +0 dagger of protection (weapon)
 f - the +6 short sword of the Hurting Genius {vorpal, *Corrode rF+++ Int-3 Dex+5}
   (You found it on level 2 of the Dungeon)

   It inflicts extra damage upon your enemies.
   Int:       It affects your intelligence (-3).
   Dex:       It affects your dexterity (+5).
   rF:        It renders you almost immune to fire.
   *Corrode:  It may corrode you when you take damage.
 n - a +0 hand axe of flaming
Jewellery
 u - an amulet of faith
Wands
 m - a wand of flame (12)
Scrolls
 b - 5 scrolls of immolation
 p - a scroll of poison
 q - a scroll of fog
Potions
 a - 3 potions of magic
 c - a potion of flight
 e - a potion of berserk rage
 g - 7 potions of curing
 h - a potion of lignification
 i - 4 potions of mutation
 j - 6 potions of heal wounds
 l - 2 potions of attraction {unknown}
 o - 2 potions of haste
 r - 2 potions of cancellation
 s - 2 potions of brilliance
 t - 2 potions of might {unknown}


   Skills:
 - Level 2.0 Dodging
 - Level 2.6 Stealth
 - Level 2.0 Spellcasting
 - Level 4.0 Conjurations
 - Level 1.0 Transmutations
 + Level 7.4 Earth Magic


You had 6 spell levels left.
You knew the following spells:

 Your Spells              Type           Power      Damage    Failure   Level
a - Sandblast             Erth           56%        2d13      1%          1
b - Stone Arrow           Conj/Erth      44%        3d9       5%          3

Your spell library contained the following spells:

 Spells                   Type           Power      Damage    Failure   Level
 Passwall                 Tmut/Erth      13%        N/A       4%          2
 Shock                    Conj/Air       36%        1d5       8%          1
 Blink                    Tloc           2%         N/A       26%         2
 Petrify                  Tmut/Erth      16%        N/A       32%         4
 Portal Projectile        Hex/Tloc       2%         N/A       47%         3
 Swiftness                Air            1%         N/A       47%         3
 Tukima's Dance           Hex            1%         N/A       47%         3
 Airstrike                Air            0%         2d(1-17)  87%         4
 Blade Hands              Tmut           2%         N/A       97%         5
 Manifold Assault         Tloc           1%         N/A       99%         5
 Storm Form               Tmut/Air       1%         N/A       100%        7


Dungeon Overview and Level Annotations

Branches:
Dungeon (5/15)            Ossuary (visited)
 Temple: D:4-7

Altars:
Makhleb
Okawaru
Qazlal
Ru
Sif Muna

Annotations:
D:4 2 transporters, megamayne420's ghost, amateur HOMo


Innate Abilities, Weirdness & Mutations

You cannot wear most types of armour.
You are amphibious.
You can wear up to eight rings at the same time.
Your skin changes colour to match your surroundings (Stealth+).
Your rubbery body absorbs attacks. (AC +1, EV +1)
((You are camouflaged when in or above water. (Stealth+)))
You have tentacles for arms and can constrict up to eight enemies at once.


Message History

You constrict the water moccasin.
You kill the water moccasin!
Makhleb accepts your kill.
You feel sick.
You are no longer poisoned.
Your quokka dies!
Your quokka's corpse dissolves into shadows!
Your Earth Magic skill increases to level 7!
Magic restored.
Your orc dissolves into shadows!
Your orc dissolves into shadows!
Your orc dissolves into shadows!
Your orc dissolves into shadows!
Your hobgoblin waves at you.
Your hobgoblin dissolves into shadows!
Your orc dissolves into shadows!
HP restored.
Partly explored, unvisited transporter.
You climb downwards.
The jelly hits you. The acid corrodes you!
You are splashed with acid!
There is a stone staircase leading up here.
You hit the jelly but do no damage.
Your weapon exudes an aura of protection.
The acid corrodes you!
Your tentacles burn!
You squeeze the jelly.
The jelly is moderately wounded.
The jelly hits you.
You are splashed with acid.
You hit the jelly but do no damage. The acid corrodes you!
Your tentacles burn!
The jelly is moderately wounded.
The jelly hits you.
* * * LOW HITPOINT WARNING * * *
The acid corrodes you!
You are splashed with acid.
* * * LOW HITPOINT WARNING * * *
You hit the jelly but do no damage.
Your tentacles burn!
* * * LOW HITPOINT WARNING * * *
You squeeze the jelly, but do no damage.
The jelly is moderately wounded.
The jelly hits you.
* * * LOW HITPOINT WARNING * * *
You are splashed with acid!
You die...

.......
......
S....
....
###.##
#....##
##.....#
##......#
#@..#.#.#
##J####.#
...# .
..##.. .#
... ...#
. .. #.).
.. .
##... ##.


You could see a jelly.

Vanquished Creatures
  3 water moccasins (D:4)
  A centaur zombie (Ossuary)
  A human zombie (Ossuary)
  A jelly (D:4)
  2 iguanas (D:4)
  An orc wizard (D:3)
  4 mummies
  3 adders
  2 worms
  A dart slug (D:2)
  10 orcs
  4 bats
  5 endoplasms
  8 giant cockroaches
  3 goblins
  5 hobgoblins
  7 jackals
  8 kobolds
  5 ball pythons
  5 frilled lizards (D:1)
  A goblin zombie (Ossuary)
  2 hobgoblin zombies (Ossuary)
  A kobold zombie (Ossuary)
  2 orc zombies (Ossuary)
  2 rats (D:3)
87 creatures vanquished.

Vanquished Creatures (others)
  7 plants (D:4)
  4 toadstools (D:1)
11 creatures vanquished.

Grand Total: 98 creatures vanquished

Notes
Turn   | Place    | Note
-------+----------+-------------------------------------------
     0 | D:1      | 2tc the Octopode Earth Elementalist began the quest for the
                  | Orb.
     0 | D:1      | Reached XP level 1. HP: 11/11 MP: 3/3
   257 | D:1      | Reached XP level 2. HP: 13/17 MP: 5/5
   596 | D:1      | Found a burning altar of Makhleb.
   686 | D:1      | Reached skill level 4 in Earth Magic
   707 | D:1      | Reached XP level 3. HP: 21/21 MP: 6/6
   714 | D:1      | Became a worshipper of Makhleb the Destroyer
  1299 | D:2      | Learned a level 3 spell: Stone Arrow
  1428 | D:2      | Identified the +6 short sword of the Hurting Genius
                  | {vorpal, *Corrode rF+++ Int-3 Dex+5}
  1995 | D:3      | Found a stormy altar of Qazlal.
  2006 | D:3      | Reached skill level 5 in Earth Magic
  2006 | D:3      | Reached XP level 4. HP: 6/27 MP: 5/7
  2252 | D:3      | Found a sacrificial altar of Ru.
  2296 | D:3      | Reached * piety under Makhleb
  2693 | D:3      | Found a faded altar of an unknown god.
  3247 | D:3      | Found a shimmering blue altar of Sif Muna.
  3310 | D:4      | Reached XP level 5. HP: 30/31 MP: 4/8
  3487 | D:4      | Found a transporter.
  3496 | D:4      | Noticed megamayne420's ghost (amateur HOMo)
  3512 | D:4      | Identified the +2 spear "Pimeuv" {elec, rC++}
  3660 | D:4      | Reached skill level 6 in Earth Magic
  3697 | D:4      | Reached skill level 1 in Conjurations
  3699 | D:4      | Found a transporter.
  3725 | D:4      | Found a sand-covered staircase.
  3735 | D:4      | Reached XP level 6. HP: 36/36 MP: 2/9
  3739 | Ossuary  | Entered an ossuary
  4165 | D:4      | Noticed a water moccasin
  4176 | D:4      | Killed a water moccasin
  4180 | D:4      | Reached XP level 7. HP: 37/41 MP: 10/10
  4214 | D:4      | Found an iron altar of Okawaru.
  4579 | D:5      | Entered Level 5 of the Dungeon
  4594 | D:4      | Reached ** piety under Makhleb
  4598 | D:4      | Reached skill level 7 in Earth Magic
  4766 | D:5      | HP: 1/41 [jelly (2)]
  4766 | D:5      | Splashed by a jelly's acid

Illustrated notes

Levels and vault maps discovered:
D:1:      ldierk_walled_garden_2, layout_loops_corners, minmay_hexomino_r4
D:2:      layout_basic
D:3:      layout_basic, nicolae_ru_sacrificial_ziggurat,
          nicolae_sif_muna_little_library, nicolae_qazlal_scattered_showers,
          hellmonk_ecumenical_altar_leap_of_faith, minmay_fountain_box,
          hangedman_abyss_or_decor_lesser_grid
D:4:      layout_cave_pools, mainiacjoe_overflow_boulevard,
          gup_ossuary_entry_pyramid, gammafunk_ghost_gnarly_gnolls
D:5:      layout_cave_pools, serial_bayou_pond_e, serial_bayou_pond_b,
          uniq_crazy_yiuf_cottage

Skill      XL: |  1  2  3  4  5  6  7 |
---------------+----------------------+-----
Earth Magic    | 4 5 6 7 |  7.4
Conjurations   | 2 4 |  4.0
Dodging        | |  2.0
Stealth        | |  2.6
Spellcasting   | |  2.0
Transmutations | |  1.0

Action                   |  1- 3 |  4- 6 |  7- 9 || total
-------------------------+-------+-------+-------++-------
Melee: Club              |    20 |       |       ||    20
       Constrict         |    24 |    17 |     4 ||    45
       Unarmed           |     3 |       |       ||     3
       Tentacles         |    18 |    21 |     7 ||    46
       Dagger            |    57 |    60 |    15 ||   132
       Punch             |       |     3 |     1 ||     4
 Cast: Sandblast         |    10 |    42 |     1 ||    53
Evoke: Wand              |       |     3 |       ||     3
  Use: Scroll            |     9 |     6 |     2 ||    17
 Stab: Sleeping          |    14 |     5 |     1 ||    20
       Distracted        |       |     1 |       ||     1
Armor: Skin              |     5 |    19 |     4 ||    28
Dodge: Dodged            |    61 |    65 |    11 ||   137

Table legend: (Time is in decaauts)
 A = Elapsed time spent in this place.
 B = Non-inter-level travel time spent in this place.
 C = Inter-level travel time spent in this place.
 D = Time resting spent in this place.
 E = Time spent auto-exploring this place.
 F = Levels seen in this place.
 G = Mean time per level.
                   A        B        C        D        E       F      G
               +--------+--------+--------+--------+--------+-----+--------+
         Total |   4823 |   4696 |    127 |    425 |   3516 |   6 |  803.8 |
       Dungeon |   4411 |   4284 |    127 |    372 |   3246 |   5 |  882.2 |
       Ossuary |    411 |    411 |      0 |     53 |    270 |   1 |  411.0 |
               +--------+--------+--------+--------+--------+-----+--------+

Top non-repeatable levels by time:
     D:3: 1397 daAuts
     D:1: 1269 daAuts
     D:4: 1068 daAuts
     D:2: 661 daAuts
 Ossuary: 411 daAuts
     D:5: 14 daAuts
